 Dungeon Crawl Stone Soup version 0.26-a0-639-g72c4674329 (webtiles) character file.

Game seed: 15541764849023526246

8408 ANON1729 the Protected (level 11, 0/97 HPs)
             Began as a Minotaur Fighter on Sept 15, 2020.
             Was an Elder of Zin.
             Killed from afar by a manticore (4 damage)
             ... with a volley of spikes
             ... on level 10 of the Dungeon.
             The game lasted 00:15:05 (10185 turns).

ANON1729 the Protected (Minotaur Fighter)          Turns: 10185, Time: 00:15:05

Health: 0/97       AC: 13    Str: 28    XL:     11   Next: 9%
Magic:  25/25      EV:  9    Int:  5    God:    Zin [****..]
Gold:   416        SH: 12    Dex: 10    Spells: 10/10 levels left

rFire    . . .     SeeInvis .   z - +10 war axe "Pendulum" {venom, Str+4}
rCold    . . .     Faith    .   c - +0 kite shield
rNeg     + . .     Spirit   .   b - +0 scale mail
rPois    .         Reflect  .   p - +1 hat
rElec    .         Harm     .   (no cloak)
rCorr    .         Rampage  .   u - +2 pair of gloves
MR       .....                  (no boots)
Stlth    ..........             (no amulet)
HPRegen  0.26/turn              y - ring of positive energy
MPRegen  0.19/turn              C - ring of magical power

@: barbed spikes
A: retaliatory headbutt, horns 2
a: Recite, Vitalisation, Imprison, Donate Gold, Renounce Religion


You were on level 10 of the Dungeon.
You worshipped Zin.
Zin was greatly pleased with you.
You visited 1 branch of the dungeon, and saw 10 of its levels.

You collected 462 gold pieces.
You donated 46 gold pieces to Zin.

Inventory:

Hand Weapons
 a - a +0 long sword
 z - the +10 war axe "Pendulum" (weapon) {venom, Str+4}
   (You found it on level 5 of the Dungeon)

   It poisons the flesh of those it strikes.
   It affects your strength (+4).
 B - a +1 scimitar
Missiles
 t - 5 boomerangs of dispersal (quivered)
Armour
 b - a +0 scale mail (worn)
 c - a +0 kite shield (worn)
 p - a +1 hat (worn)
 u - a +2 pair of gloves (worn)
Jewellery
 y - a ring of positive energy (left hand)
 C - a ring of magical power (right hand)
Wands
 q - a wand of acid (16)
 v - a wand of paralysis (21)
 G - a wand of iceblast (5)
Scrolls
 e - 10 scrolls of teleportation
 f - 3 scrolls of remove curse
 i - 3 scrolls of enchant weapon {unknown}
 j - a scroll of blinking
 l - 2 scrolls of amnesia {unknown}
 m - 2 scrolls of fog {unknown}
 n - 3 scrolls of fear
 s - a scroll of enchant armour {unknown}
 E - 2 scrolls of summoning
 I - a scroll of random uselessness {unknown}
Potions
 d - 5 potions of might
 g - 3 potions of curing
 h - a potion of resistance {unknown}
 o - 2 potions of flight
 r - a potion of degeneration {unknown}
 w - 2 potions of invisibility
 x - a potion of stabbing {unknown}
 A - a potion of lignification {unknown}
 D - 2 potions of ambrosia
 F - 2 potions of berserk rage
 H - a potion of mutation {unknown}


   Skills:
 + Level 9.5 Fighting
 - Level 5.8 Long Blades
 + Level 6.7 Axes
 + Level 9.6 Armour
 + Level 9.5 Shields
 * Level 9.1 Invocations


You had 10 spell levels left.
You didn't know any spells.
Your spell library contained the following spells:

 Spells                   Type           Power        Failure   Level
 Cause Fear               Hex            #.........   100%        4
 Silence                  Hex/Air        #.........   100%        5
 Yara's Violent Unravell  Hex/Tmut       #.........   100%        5
 Discord                  Hex            #.........   100%        8


Dungeon Overview and Level Annotations

Branches:
Dungeon (10/15)            Temple (0/1) D:6            Lair (0/6) D:10
    Orc (0/2) D:9

Altars:
Ashenzari
Fedhas
Hepliaklqana
Nemelex Xobeh
Okawaru
Ru
Trog
Uskayaw
Vehumet
Wu Jian
Xom
Yredelemnul
Zin
The Shining One

Shops:
D:4 }   D:8 =

Annotations:
D:9 Erolcha


Innate Abilities, Weirdness & Mutations

You reflexively headbutt those who attack you in melee.
You have a pair of horns on your head.


Message History

The manticore is heavily wounded.
The iceblast engulfs the bush but does no damage.
The bush is lightly damaged.
You feel better.
The yak gores the bush!
You block the yak's attack.
The manticore flicks its tail.
You block the volley of spikes.
Okay, then.
Evoke which item? (* to show all) (? for menu, Esc to quit)
Press: ? - help, Shift-Dir - straight line The mass of ice explodes!
The iceblast engulfs the crocodile!
You kill the crocodile!
The iceblast engulfs the yak!
The yak is severely wounded.
A sky beast comes into view.
The yak gores you.
* * * LOW HITPOINT WARNING * * *
The manticore flicks its tail.
The volley of spikes hits you.
The barbed spikes become lodged in your body.
You die...

... ...#### ...
.......
#.##.......
#####......##..
#...>.........#
#.. #.<.†......
#... #....#.....
.....##..†.#.....
..........@##.....
......##.Y......#
#.:..P.Y.....P.##
#.......†.......#
##....H†††......
..#....YPP..P.P...
#...P.P.†P..P....P
#.......†....PP..Y
......††P.>.......


You could see a manticore, 3 yaks and a sky beast (wandering).

Vanquished Creatures
  A two-headed ogre (D:8)
  A troll (D:9)
  Prince Ribbit (D:6)
  A hippogriff (D:9)
  Grinder (D:6)
  9 yaks
  A human (D:8)
  A water moccasin (D:8)
  4 porcupines (D:10)
  Duvessa (D:6)
  4 ogres
  8 orc warriors
  2 black bears (D:6)
  A hornet zombie (D:5)
  6 phantoms
  A sky beast (D:7)
  An ice beast (D:9)
  2 centaurs
  5 crocodiles (D:10)
  2 big kobolds
  A bullfrog (D:9)
  Dowan (D:6)
  A water moccasin skeleton (D:5)
  4 scorpions
  12 wights
  A killer bee (D:8)
  A howler monkey (D:6)
  A quasit (D:9)
  A bullfrog zombie (D:8)
  8 hounds
  3 bullfrog skeletons
  3 orc priests
  An iguana (D:8)
  A human skeleton (D:8)
  3 orc wizards
  10 worker ants
  A hound skeleton (D:4)
  8 gnolls
  18 adders
  4 shadow imps
  3 white imps
  An ufetubus (D:6)
  2 oozes
  An adder skeleton (D:5)
  4 worms
  A dart slug (D:1)
  6 leopard geckos
  28 orcs
  5 giant cockroaches
  4 goblins
  8 hobgoblins
  5 jackals
  11 kobolds
  5 quokkas
  7 bats
  6 frilled lizards
  2 goblin skeletons (D:7)
  2 goblin zombies (D:7)
  3 hobgoblin zombies (D:7)
  2 kobold skeletons
  2 kobold zombies (D:7)
  A leopard gecko skeleton (D:5)
  An orc skeleton (D:7)
  2 orc zombies (D:7)
  A quokka skeleton (D:5)
  9 rats
258 creatures vanquished.

Vanquished Creatures (others)
  A two-headed ogre (D:9)
  A troll (D:9)
  A yak (D:9)
  A worker ant (D:9)
  A leopard gecko (D:9)
  An orc (D:9)
  2 fungi (D:10)
  7 plants (D:10)
15 creatures vanquished.

Grand Total: 273 creatures vanquished

Notes
Turn   | Place    | Note
-------+----------+-------------------------------------------
     0 | D:1      | ANON1729 the Minotaur Fighter began the quest for the Orb.
     0 | D:1      | Reached XP level 1. HP: 19/19 MP: 0/0
   356 | D:1      | Reached XP level 2. HP: 27/27 MP: 1/1
   825 | D:2      | Reached XP level 3. HP: 28/33 MP: 2/2
  1179 | D:2      | Reached XP level 4. HP: 41/41 MP: 3/3
  1572 | D:2      | Found a shimmering altar of Xom.
  1572 | D:2      | Found a glowing silver altar of Zin.
  1572 | D:2      | Noticed an angel
  1749 | D:2      | Found a hide-covered altar of Uskayaw.
  1752 | D:2      | Reached XP level 5. HP: 47/47 MP: 4/4
  1755 | D:2      | Noticed a +0 dagger
  1756 | D:2      | Noticed a -1 hand axe
  2370 | D:3      | Reached skill level 5 in Armour
  2370 | D:3      | Reached skill level 5 in Shields
  2490 | D:3      | Reached skill level 5 in Fighting
  2542 | D:3      | Found a shattered altar of Ashenzari.
  2704 | D:3      | Found an ornate altar of the Wu Jian Council.
  2806 | D:3      | Reached XP level 6. HP: 56/56 MP: 5/5
  3639 | D:4      | Reached skill level 5 in Long Blades
  3639 | D:4      | Reached XP level 7. HP: 30/62 MP: 6/6
  3717 | D:2      | Became a worshipper of Zin the Law-Giver
  3717 | D:2      | Reached * piety under Zin
  3829 | D:4      | Found Fiqa's Gadget Boutique.
  3829 | D:4      | Found a sacrificial altar of Ru.
  3941 | D:4      | Reached skill level 1 in Invocations
  4565 | D:4      | Reached XP level 8. HP: 69/71 MP: 9/9
  4878 | D:5      | Entered Level 5 of the Dungeon
  5193 | D:5      | Got an encrusted war axe
  5194 | D:5      | Identified the +10 war axe "Pendulum" {venom, Str+4} (You
                  | found it on level 5 of the Dungeon)
  5347 | D:5      | Found a hazy altar of Hepliaklqana.
  5517 | D:5      | Reached skill level 1 in Axes
  5519 | D:5      | Reached ** piety under Zin
  6044 | D:6      | Noticed Duvessa
  6045 | D:6      | Noticed Dowan
  6051 | D:6      | Killed Duvessa
  6051 | D:6      | Reached skill level 5 in Invocations
  6051 | D:6      | Reached XP level 9. HP: 67/79 MP: 11/11
  6053 | D:6      | Killed Dowan
  6196 | D:6      | Noticed Grinder
  6202 | D:6      | Paralysed by Grinder for 3 turns
  6207 | D:6      | Killed Grinder
  6335 | D:6      | Found a bloodstained altar of Trog.
  6388 | D:6      | Noticed Prince Ribbit
  6401 | D:6      | Killed Prince Ribbit
  6506 | D:6      | Found a staircase to the Ecumenical Temple.
  6869 | D:7      | Found a blossoming altar of Fedhas.
  6869 | D:7      | Found an iron altar of Okawaru.
  6927 | D:7      | Found a glowing golden altar of the Shining One.
  6933 | D:7      | Reached *** piety under Zin
  7114 | D:7      | Found a radiant altar of Vehumet.
  7742 | D:8      | Reached **** piety under Zin
  7800 | D:8      | Found a runed translucent door.
  7807 | D:8      | Found a basalt altar of Yredelemnul.
  7826 | D:8      | Found Icliget's Jewellery Shoppe.
  7922 | D:8      | Reached XP level 10. HP: 72/89 MP: 14/14
  8202 | D:8      | Found a sparkling altar of Nemelex Xobeh.
  8439 | D:9      | Noticed a two-headed ogre
  8503 | D:8      | Killed a two-headed ogre
  8503 | D:8      | Reached skill level 5 in Axes
  8827 | D:9      | Killed a two-headed ogre
  8933 | D:9      | Found a staircase to the Orcish Mines.
  8934 | D:9      | Noticed Erolcha
  9942 | D:9      | Paralysed by a wight for 6 turns
 10066 | D:9      | Found a shimmering altar of Xom.
 10089 | D:10     | Entered Level 10 of the Dungeon
 10129 | D:10     | Found a staircase to the Lair.
 10137 | D:10     | Reached XP level 11. HP: 58/97 MP: 16/16
 10182 | D:10     | HP: 4/97 [manticore/volley of spikes (9)]
 10185 | D:10     | Killed from afar by a manticore

Illustrated notes

Levels and vault maps discovered:
D:1:      lemuel_arrival_lava_pool, layout_basic, minmay_tetromino_t2
D:2:      layout_loops_corners, grunt_temple_overflow_order_and_chaos_1,
          dancing_weapons_uskayaw
D:3:      layout_basic, evilmike_ruin_ashenzari, nicolae_overflow_crystal_walls
D:4:      layout_basic, kennysheep_mini, serial_shops, shop, minmay_unequal
D:5:      layout_loops_ring, marbit_many_paths
D:6:      layout_cave_pools, trog_ov_bears_minmay,
          minmay_temple_entry_from_below_b, uniq_grinder, uniq_duvessa,
          uniq_prince_ribbit1
D:7:      layout_basic, nicolae_tso_besieged_by_evil, vehumet_crystals,
          gammafunk_temple_overflow_wave, serial_bayou_crossing
D:8:      layout_basic, nemelex_xobeh_ov_fountains_minmay, serial_shops, shop,
          dk_yredelemnul_ordeal
D:9:      layout_cross, orc_david_3, xom_confusion_cloud, uniq_erolcha
D:10:     layout_rooms, minmay_lair_entry_grove, uniq_psyche

Skill      XL: |  1  2  3  4  5  6  7  8  9 10 11 |
---------------+----------------------------------+-----
Fighting       | 4 5 6 7 8 9 |  9.5
Shields        | 4 5 6 7 8 9 |  9.5
Armour         | 4 5 6 7 8 9 |  9.6
Long Blades    | 3 4 5 |  5.8
Invocations    | 2 5 7 8 9 |  9.1
Axes           | 2 4 6 |  6.7

Action                   |  1- 3 |  4- 6 |  7- 9 | 10-12 || total
-------------------------+-------+-------+-------+-------++-------
Melee: Long sword        |    67 |   148 |   129 |       ||   344
       Headbutt          |    12 |    24 |    47 |    24 ||   107
       War axe           |       |       |   149 |   119 ||   268
Invok: Recite            |       |       |       |     1 ||     1
       Imprison          |       |       |       |     1 ||     1
Evoke: Wand              |       |       |       |     5 ||     5
  Use: Scroll            |       |       |       |    12 ||    12
       Potion            |       |       |       |     1 ||     1
Armor: Scale mail        |    27 |    53 |    91 |    47 ||   218
Dodge: Dodged            |    18 |    52 |    76 |    52 ||   198
Block: Kite shield       |    37 |    87 |   152 |    78 ||   354
       Rpst.: Long sword |     4 |    11 |    11 |       ||    26

Table legend: (Time is in decaauts)
 A = Elapsed time spent in this place.
 B = Non-inter-level travel time spent in this place.
 C = Inter-level travel time spent in this place.
 D = Time resting spent in this place.
 E = Time spent auto-exploring this place.
 F = Levels seen in this place.
 G = Mean time per level.
                   A        B        C        D        E       F      G
               +--------+--------+--------+--------+--------+-----+--------+
         Total |  10374 |   9958 |    416 |   1385 |   6933 |  10 | 1037.4 |
       Dungeon |  10374 |   9958 |    416 |   1385 |   6933 |  10 | 1037.4 |
               +--------+--------+--------+--------+--------+-----+--------+

Top non-repeatable levels by time:
     D:2: 1536 daAuts
     D:8: 1472 daAuts
     D:4: 1368 daAuts
     D:7: 1355 daAuts
     D:3: 1229 daAuts
     D:6: 1015 daAuts
     D:5: 860 daAuts
     D:1: 823 daAuts
     D:9: 612 daAuts
    D:10: 100 daAuts
